[Event "2025 Mary Thomson Cup (Division A)"]
[Site "Woodvale, Perth WA AUS"]
[Date "2025.01.22"]
[Round "1"]
[White "Rafiei Darani, Daryoush"]
[Black "Maggs, Derwent"]
[Result "1/2-1/2"]
[ECO "C05"]
[WhiteElo "1897"]
[BlackElo "2299"]
[PlyCount "99"]
[EventDate "2025.01.22"]
[EventType "swiss"]
[EventRounds "5"]
[EventCountry "AUS"]
[TimeControl "3600+30"]

1. e4 e6 2. d4 d5 3. Nd2 Nf6 4. e5 Nfd7 5. f4 c5 6. c3 Nc6 7. Ndf3 a5 8. Bd3 a4
9. a3 Nb6 10. Ne2 Bd7 11. h4 h5 12. Be3 Na5 13. Kf2 Nbc4 14. Bc1 Rc8 15. Rb1 g6
16. Ng5 cxd4 17. cxd4 Nb3 18. Be3 b5 19. g4 hxg4 20. Qg1 Nxe3 21. Kxe3 f5 22.
exf6 Qxf6 23. Qxg4 Bh6 24. Nf3 Rg8 25. Ne5 Nxd4 26. Kxd4 g5 27. Rbf1 Qd8 28.
Qh5+ Ke7 29. Qf7+ Kd6 30. Qxd7+ Qxd7 31. Nxd7 Bg7+ 32. Ke3 gxf4+ 33. Nxf4 Kxd7
34. Ke2 Bh6 35. Ng6 Kd6 36. h5 Rb8 37. Rh4 Kc5 38. Rf7 e5 39. Rc7+ Kd6 40. Ra7
e4 41. Bb1 Rb6 42. Rh2 Kc5 43. Rc7+ Kd6 44. Rh7 Bc1 45. Kd1 Be3 46. Re2 Bg5 47.
Rc2 Rc6 48. Rxc6+ Kxc6 49. Rh8 Rg7 50. Ba2 1/2-1/2

[Event "2025 Mary Thomson Cup (Division A)"]
[Site "Woodvale, Perth WA AUS"]
[Date "2025.01.22"]
[Round "1"]
[White "Rahmani, Noor"]
[Black "Stortz, Robert"]
[Result "1-0"]
[ECO "C15"]
[WhiteElo "2156"]
[BlackElo "1875"]
[PlyCount "105"]
[EventDate "2025.01.22"]
[EventType "swiss"]
[EventRounds "5"]
[EventCountry "AUS"]
[TimeControl "3600+30"]

1. e4 e6 2. d4 d5 3. Nc3 Bb4 4. Bd3 Ne7 5. Nf3 h6 6. O-O Nd7 7. Ne2 dxe4 8.
Bxe4 Nf6 9. Bd3 O-O 10. c4 c6 11. Bf4 Bd6 12. Ne5 c5 13. dxc5 Bxc5 14. Qc2 Nh5
15. Rad1 Qb6 16. Bh7+ Kh8 17. Be4 Nxf4 18. Nxf4 Bd4 19. Nf3 Bf6 20. Rd2 e5 21.
Nh5 Bg5 22. Rd3 Bf4 23. Ng3 Bg4 24. Rb3 Qe6 25. Bxb7 Rad8 26. Ra3 Bxf3 27. Bxf3
Rd2 28. Qb3 Bxg3 29. hxg3 e4 30. Qe3 Rxb2 31. Qxe4 Qf6 32. Rxa7 Ng6 33. c5 Ne5
34. Rc1 Rc8 35. Ra8 Nxf3+ 36. Qxf3 Rxa8 37. Qxa8+ Kh7 38. Qe4+ g6 39. Rc2 Rb1+
40. Kh2 Qa1 41. g4 Qf6 42. g3 Rb2 43. c6 Rxc2 44. Qxc2 Qd8 45. c7 Qc8 46. a4 f5
47. gxf5 gxf5 48. a5 h5 49. a6 h4 50. g4 Kh6 51. Qd2+ Kg6 52. Qd6+ Kg5 53. Qd8+
1-0

[Event "2025 Mary Thomson Cup (Division A)"]
[Site "Woodvale, Perth WA AUS"]
[Date "2025.01.22"]
[Round "1"]
[White "Elkington, Derek"]
[Black "Taylor, Leon"]
[Result "1-0"]
[ECO "B12"]
[WhiteElo "1874"]
[BlackElo "2086"]
[PlyCount "47"]
[EventDate "2025.01.22"]
[EventType "swiss"]
[EventRounds "5"]
[EventCountry "AUS"]
[TimeControl "3600+30"]

1. e4 c6 2. d4 d5 3. f3 dxe4 4. fxe4 e5 5. Nf3 exd4 6. Bc4 Bc5 7. O-O Be6 8.
Bxe6 fxe6 9. Ng5 Na6 10. Nxe6 Qh4 11. Bg5 d3+ 12. Kh1 Qxe4 13. Nxc5 Nxc5 14.
Re1 Nf6 15. Rxe4+ Nfxe4 16. Qe1 O-O 17. Be3 Rae8 18. Nc3 d2 19. Qe2 Nxc3 20.
bxc3 Ne4 21. Kg1 Kh8 22. Bxd2 Rf2 23. Qxf2 Nxf2 24. Kxf2 1-0

[Event "2025 Mary Thomson Cup (Division A)"]
[Site "Woodvale, Perth WA AUS"]
[Date "2025.01.22"]
[Round "1"]
[White "Saxon, Marc"]
[Black "Janceski, Alex"]
[Result "1-0"]
[ECO "B41"]
[WhiteElo "2057"]
[BlackElo "1850"]
[PlyCount "97"]
[EventDate "2025.01.22"]
[EventType "swiss"]
[EventRounds "5"]
[EventCountry "AUS"]
[TimeControl "3600+30"]

1. e4 c5 2. Nf3 d6 3. d4 cxd4 4. Nxd4 a6 5. c4 Nf6 6. Nc3 e6 7. Be3 Be7 8. g3
h6 9. Bg2 O-O 10. O-O Qc7 11. Rc1 Bd7 12. Qe2 Nc6 13. f4 Rfe8 14. f5 e5 15. Nc2
Rac8 16. b3 Nd8 17. Bf2 Bc6 18. Ne3 Qa5 19. Be1 Qb6 20. Kh1 Qa7 21. g4 Nh7 22.
Ned5 f6 23. b4 Qb8 24. a4 b5 25. Nxe7+ Rxe7 26. cxb5 axb5 27. a5 Rec7 28. Qd3
Nf7 29. Bf2 Bb7 30. Be3 Rc4 31. Ba7 Qa8 32. Bb6 Rxb4 33. Nd5 Bxd5 34. Qxd5 Qb8
35. Rc6 Nf8 36. Rfc1 Rxc6 37. Qxc6 Kh7 38. Bf1 Ng5 39. Bxb5 Nxe4 40. a6 Rxb5
41. a7 Qxb6 42. Qxb6 Rxb6 43. a8=Q Nf2+ 44. Kg1 Nh3+ 45. Kf1 Nd7 46. Qd8 Rb7
47. Rc8 Rb1+ 48. Ke2 Nf4+ 49. Kd2 1-0

[Event "2025 Mary Thomson Cup (Division A)"]
[Site "Woodvale, Perth WA AUS"]
[Date "2025.01.22"]
[Round "1"]
[White "Curthoys, Ned"]
[Black "Gibson, Jacob"]
[Result "0-1"]
[ECO "D13"]
[WhiteElo "1848"]
[BlackElo "1999"]
[PlyCount "70"]
[EventDate "2025.01.22"]
[EventType "swiss"]
[EventRounds "5"]
[EventCountry "AUS"]
[TimeControl "3600+30"]

1. Nf3 d5 2. d4 Nf6 3. c4 c6 4. cxd5 cxd5 5. Nc3 Nc6 6. Bf4 e6 7. a3 Nh5 8. Bg3
Qb6 9. e3 h6 10. Bh4 g5 11. Bg3 Nxg3 12. hxg3 Bg7 13. Na4 Qd8 14. Nc3 O-O 15.
Bd3 Bd7 16. Bc2 f5 17. Qd3 Qf6 18. O-O-O Be8 19. Rdf1 Bg6 20. Nh2 Ne7 21. f4 g4
22. Rd1 a6 23. Kb1 b5 24. b4 Rfb8 25. Bb3 Nc8 26. Nxd5 exd5 27. Bxd5+ Bf7 28.
Bxa8 Rxa8 29. Nf1 Nd6 30. Nd2 Bd5 31. Kb2 Re8 32. Rhe1 Bc4 33. Qb1 Rxe3 34.
Rxe3 Qxd4+ 35. Kc1 Qxe3 0-1

[Event "2025 Mary Thomson Cup (Division A)"]
[Site "Woodvale, Perth WA AUS"]
[Date "2025.01.22"]
[Round "1"]
[White "Fokaite, Gabriele"]
[Black "Wolstencroft, Alan"]
[Result "1/2-1/2"]
[ECO "B23"]
[WhiteElo "1990"]
[BlackElo "1843"]
[PlyCount "129"]
[EventDate "2025.01.22"]
[EventType "swiss"]
[EventRounds "5"]
[EventCountry "AUS"]
[TimeControl "3600+30"]

1. e4 c5 2. Nc3 Nc6 3. f4 g6 4. Bb5 Bg7 5. Nf3 a6 6. Bxc6 bxc6 7. O-O e6 8. d3
Ne7 9. Kh1 d5 10. Bd2 Rb8 11. Rb1 O-O 12. Qe1 Qc7 13. Qh4 f5 14. e5 d4 15. Ne2
Nd5 16. c4 dxc3 17. Nxc3 Qd8 18. Qf2 Qe7 19. Na4 Rb5 20. a3 Bd7 21. Rfc1 Rfb8
22. Rxc5 Bf8 23. d4 Qd8 24. Rxb5 Rxb5 25. Nc5 a5 26. Ng5 Bxc5 27. dxc5 Qe7 28.
b4 axb4 29. axb4 Kg7 30. Qd4 h6 31. Nf3 Be8 32. Qc4 Rb7 33. Nd4 Kf7 34. g3 g5
35. b5 cxb5 36. Nxb5 Bxb5 37. Rxb5 Rxb5 38. Qxb5 gxf4 39. Bxf4 Qc7 40. Kg2 Kg6
41. Qe8+ Kh7 42. Qxe6 Nxf4+ 43. gxf4 Qg7+ 44. Kf2 Qg4 45. Qd7+ Kh8 46. Qc8+ Kh7
47. Qb7+ Kh8 48. Qf3 Qh4+ 49. Ke3 Qxh2 50. c6 Qg1+ 51. Ke2 Qc5 52. Kf1 Qc1+ 53.
Kg2 Kh7 54. e6 Qc5 55. Kh3 Qd6 56. e7 Qxe7 57. Qc3 Qe4 58. Kg3 Qe2 59. Qf3 Qe7
60. Kh3 Qd6 61. Kg3 Qc5 62. Kh3 Qd6 63. Kh4 Qe7+ 64. Kg3 Qd6 65. Kg2 1/2-1/2

[Event "2025 Mary Thomson Cup (Division A)"]
[Site "Woodvale, Perth WA AUS"]
[Date "2025.01.22"]
[Round "1"]
[White "Doshi, Chirag"]
[Black "O'Shaughnessy, Dave"]
[Result "0-1"]
[ECO "B01"]
[WhiteElo "1836"]
[BlackElo "1965"]
[PlyCount "134"]
[EventDate "2025.01.22"]
[EventType "swiss"]
[EventRounds "5"]
[EventCountry "AUS"]
[TimeControl "3600+30"]

1. e4 d5 2. exd5 Qxd5 3. Nc3 Qd8 4. Bc4 Nf6 5. Nf3 c6 6. d4 Bf5 7. O-O e6 8.
Bf4 Be7 9. h3 O-O 10. Nh4 Bg6 11. Nxg6 hxg6 12. Ne2 Nbd7 13. c3 Nd5 14. Bxd5
cxd5 15. Qb3 Qb6 16. Rfe1 Rfc8 17. Nc1 a5 18. Nd3 a4 19. Qxb6 Nxb6 20. a3 Nc4
21. Ne5 Ra5 22. Nxc4 Rxc4 23. Rad1 Rb5 24. Bc1 Bd6 25. f4 Rc7 26. Kf2 Re7 27.
Re2 f6 28. Rde1 Kf7 29. Kf3 Rb6 30. Kg4 Rc6 31. Kf3 Rc8 32. Ke3 Rce8 33. Kd3 e5
34. fxe5 fxe5 35. dxe5 Rxe5 36. Rxe5 Bxe5 37. Be3 Re6 38. Bd4 Bxd4 39. Rxe6
Kxe6 40. Kxd4 Kd6 41. c4 dxc4 42. Kxc4 Kc6 43. b4 axb3 44. Kxb3 Kb5 45. a4+ Ka5
46. h4 b5 47. axb5 Kxb5 48. Kc3 Kc5 49. Kd3 Kd5 50. Ke3 Ke5 51. Kf3 Kf5 52. g4+
Kf6 53. Ke4 Ke6 54. Kf4 Kf6 55. g5+ Ke6 56. Kg4 Ke5 57. h5 gxh5+ 58. Kxh5 Kf5
59. g6 Kf6 60. Kg4 Kxg6 61. Kg3 Kg5 62. Kf3 Kh4 63. Kg2 Kg4 64. Kh2 Kf3 65. Kg1
g5 66. Kf1 g4 67. Kg1 Kg3 0-1

[Event "2025 Mary Thomson Cup (Division A)"]
[Site "Woodvale, Perth WA AUS"]
[Date "2025.01.22"]
[Round "1"]
[White "Clarke, Daniel"]
[Black "Curtis, Calan"]
[Result "0-1"]
[ECO "C02"]
[WhiteElo "1920"]
[BlackElo "1632"]
[PlyCount "96"]
[EventDate "2025.01.22"]
[EventType "swiss"]
[EventRounds "5"]
[EventCountry "AUS"]
[TimeControl "3600+30"]

1. e4 e6 2. d4 d5 3. e5 c5 4. c3 Qb6 5. Nf3 Nc6 6. a3 c4 7. Nbd2 Na5 8. b4 cxb3
9. Rb1 Bd7 10. Nxb3 Ba4 11. Nxa5 Bxd1 12. Rxb6 axb6 13. Bb5+ Ke7 14. Nxb7 Ba4
15. Nd6 Bxb5 16. Nxb5 Kd7 17. Ng5 Nh6 18. c4 Kc6 19. Nd6 Bxd6 20. exd6 Kxd6 21.
cxd5 Kxd5 22. Nf3 Nf5 23. Bb2 Rhc8 24. Kd2 Ra4 25. Rb1 Nd6 26. Bc1 Ne4+ 27. Ke1
Rac4 28. Bf4 Rc2 29. Rxb6 Rxf2 30. Rb5+ Kc4 31. Rb4+ Kc3 32. Bd2+ Rxd2 33. Nxd2
Nxd2 34. Rb7 Kd3 35. a4 Rc1+ 36. Kf2 Ra1 37. Ra7 Ne4+ 38. Kf3 Rf1+ 39. Kg4 f5+
40. Kh3 g5 41. g3 Rf2 42. g4 f4 43. Rxh7 Ra2 44. Rb7 Nf2+ 45. Kg2 Nxg4+ 46. Kg1
f3 47. Rb3+ Ke2 48. Rb1 f2+ 0-1

[Event "2025 Mary Thomson Cup (Division B)"]
[Site "Woodvale, Perth WA AUS"]
[Date "2025.02.28"]
[Round "1"]
[White "Bhatia, Abhay"]
[Black "Roebuck, Derek"]
[Result "1/2-1/2"]
[WhiteElo "1701"]
[BlackElo "1786"]
[PlyCount "48"]
[EventDate "2025.01.22"]
[EventType "tourn"]
[EventRounds "5"]
[EventCountry "AUS"]
[TimeControl "3600+30"]

{Played away from club} 1. c4 e5 2. e4 Nf6 3. Nc3 Bc5 4. a3 a5 5. Be2 Nc6 6. h3
d6 7. Nf3 O-O 8. O-O h6 9. d3 Be6 10. Bd2 Nd4 11. Na4 Nxf3+ 12. Bxf3 Bd4 13.
Rb1 Bd7 14. Nc3 Bxc3 15. Bxc3 a4 16. Re1 c5 17. Kh1 Ne8 18. Bd2 Nc7 19. Bh5 Ne6
20. Rf1 Nf4 21. Bxf4 exf4 22. Qf3 Qg5 23. Bg4 Bxg4 24. Qxg4 Qxg4 1/2-1/2

[Event "2025 Mary Thomson Cup (Division B)"]
[Site "Woodvale, Perth WA AUS"]
[Date "2025.01.22"]
[Round "1"]
[White "Oswald, Franz"]
[Black "Leonhardt, Wolfgang"]
[Result "1/2-1/2"]
[ECO "D12"]
[WhiteElo "1682"]
[BlackElo "1727"]
[PlyCount "61"]
[EventDate "2025.01.22"]
[EventType "tourn"]
[EventRounds "5"]
[EventCountry "AUS"]
[TimeControl "3600+30"]

1. d4 d5 2. c4 c6 3. Nf3 Nf6 4. Nc3 Bf5 5. e3 e6 6. cxd5 exd5 7. Bd3 Bxd3 8.
Qxd3 Bb4 9. Bd2 O-O 10. O-O Re8 11. a3 Ba5 12. b4 Bc7 13. Rfe1 Ne4 14. Qc2 Nd7
15. Rac1 Rc8 16. Qb3 Nxd2 17. Nxd2 Qh4 18. Nf3 Qh5 19. b5 Nb6 20. bxc6 bxc6 21.
Ne2 Qg6 22. Qc2 Nc4 23. Qxg6 hxg6 24. a4 f6 25. Red1 g5 26. Nd2 Nb2 27. Rf1 Bd6
28. Rc2 Nd3 29. Nb3 Re7 30. Rd1 Nb4 31. Rcc1 1/2-1/2

[Event "2025 Mary Thomson Cup (Division B)"]
[Site "Woodvale, Perth WA AUS"]
[Date "2025.01.22"]
[Round "1"]
[White "Verma, Abhinav"]
[Black "Gough, Dylan"]
[Result "0-1"]
[ECO "D38"]
[WhiteElo "1771"]
[BlackElo "1764"]
[PlyCount "84"]
[EventDate "2025.01.22"]
[EventType "tourn"]
[EventRounds "5"]
[EventCountry "AUS"]
[TimeControl "3600+30"]

1. d4 Nf6 2. c4 e6 3. Nf3 d5 4. Nc3 Bb4 5. Bg5 h6 6. Bh4 dxc4 7. Qa4+ Nc6 8. e3
Bd7 9. Qc2 Be7 10. Bxc4 Nb4 11. Qb3 a5 12. O-O a4 13. Qd1 Nbd5 14. Nxd5 exd5
15. Bxf6 dxc4 16. Bxg7 Rg8 17. Be5 Bh3 18. Bg3 Bg4 19. Qc2 Bxf3 20. gxf3 Qd5
21. Qe4 c6 22. Qxd5 cxd5 23. e4 Rd8 24. exd5 Rxd5 25. Rad1 b5 26. Rfe1 Kd7 27.
Re5 Rxe5 28. dxe5+ Kc6 29. a3 Rd8 30. Rxd8 Bxd8 31. Bf4 Bg5 32. Bxg5 hxg5 33.
f4 Kd5 34. Kf1 g4 35. Ke2 b4 36. Kd2 bxa3 37. bxa3 Kd4 38. f5 Kxe5 39. Kc3 Kd5
40. f6 Kc5 41. Kc2 Kd4 42. Kd2 c3+ 0-1

[Event "2025 Mary Thomson Cup (Division C)"]
[Site "Woodvale, Perth WA AUS"]
[Date "2025.01.22"]
[Round "1"]
[White "Ross, Leo"]
[Black "Hapugala, Amila"]
[Result "1/2-1/2"]
[ECO "B08"]
[WhiteElo "1462"]
[BlackElo "1528"]
[PlyCount "106"]
[EventDate "2025.01.22"]
[EventType "tourn"]
[EventRounds "5"]
[EventCountry "AUS"]
[TimeControl "3600+30"]

1. e4 d6 2. d4 Nf6 3. Nc3 g6 4. h3 Bg7 5. Nf3 O-O 6. Be3 Nbd7 7. Qd2 Re8 8. Bh6
Bh8 9. O-O-O c5 10. dxc5 Nxc5 11. e5 Nfe4 12. Nxe4 Nxe4 13. Qd4 Nc5 14. Bc4 Ne6
15. Qh4 Qb6 16. Be3 Qc6 17. Bxe6 Bxe6 18. Ng5 h5 19. Nxe6 fxe6 20. Qg5 Kf7 21.
f4 Rac8 22. c3 Qe4 23. Bd4 Rc4 24. Rhe1 Qf5 25. Qh4 Kg8 26. Rf1 dxe5 27. fxe5
Qxe5 28. Bxe5 Rxh4 29. Bxh8 Kxh8 30. Rd7 Ra4 31. Rxb7 Rxa2 32. Rf7 Ra1+ 33. Kc2
a5 34. Rfxe7 Rxe7 35. Rxe7 Re1 36. Kd2 Re5 37. c4 Kg8 38. b3 Kf8 39. Ra7 Rf5
40. Ke3 g5 41. g3 g4 42. hxg4 hxg4 43. Ke4 Rf3 44. Rxa5 Rxb3 45. Kf4 Rb4 46.
Rc5 Ke7 47. Kxg4 Kd6 48. Rc8 Kd7 49. Rf8 Rxc4+ 50. Rf4 Rxf4+ 51. Kxf4 Ke7 52.
Ke5 Kf7 53. g4 Kg6 1/2-1/2

[Event "2025 Mary Thomson Cup (Division C)"]
[Site "Woodvale, Perth WA AUS"]
[Date "2025.01.22"]
[Round "1"]
[White "Weijermars, Tristan"]
[Black "Nauom, Rafik"]
[Result "0-1"]
[ECO "D11"]
[WhiteElo "1615"]
[BlackElo "1564"]
[PlyCount "86"]
[EventDate "2025.01.22"]
[EventType "tourn"]
[EventRounds "5"]
[EventCountry "AUS"]
[TimeControl "3600+30"]

1. d4 c6 2. c4 d5 3. Nc3 Bf5 4. Nf3 e6 5. Bg5 Be7 6. Bxe7 Qxe7 7. e3 Qb4 8. Qb3
a5 9. cxd5 exd5 10. Be2 Be4 11. O-O Bxf3 12. Bxf3 Nf6 13. Qc2 O-O 14. Na4 Nbd7
15. a3 Qd6 16. Rfc1 Rac8 17. Nc5 Nxc5 18. Qxc5 Qc7 19. Rc2 Rfe8 20. Rac1 Ne4
21. Qxd5 Nd2 22. Qf5 g6 23. Qh3 Nb3 24. Rd1 Qe7 25. Rd3 a4 26. Bd1 Rcd8 27.
Rcc3 Nxd4 28. g3 Nf5 29. Bxa4 b5 30. Bc2 b4 31. axb4 Qxb4 32. Rxd8 Rxd8 33.
Bxf5 Qxb2 34. Bxg6 hxg6 35. Rxc6 Qb1+ 36. Kg2 Qb7 37. Qh4 Qxc6+ 38. Kh3 Rd2 39.
Qf4 Qd6 40. Qf3 Rd5 41. Kg2 Rf5 42. Qa8+ Kh7 43. Qe8 Qd2 0-1

[Event "2025 Mary Thomson Cup (Division C)"]
[Site "Woodvale, Perth WA AUS"]
[Date "2025.01.22"]
[Round "1"]
[White "Pass, Tony"]
[Black "Hagendoorn, Mark"]
[Result "0-1"]
[ECO "A80"]
[WhiteElo "1440"]
[BlackElo "1542"]
[PlyCount "78"]
[EventDate "2025.01.22"]
[EventType "tourn"]
[EventRounds "5"]
[EventCountry "AUS"]
[TimeControl "3600+30"]

1. d4 f5 2. Nf3 g6 3. e3 Bg7 4. b3 Nf6 5. Bb2 d6 6. Bc4 d5 7. Bd3 Nbd7 8. Nbd2
Ne4 9. Bxe4 fxe4 10. Ng5 Nf6 11. Nh3 Bxh3 12. gxh3 Qd7 13. h4 Qh3 14. Qe2 Qxh4
15. Qb5+ Kf7 16. O-O-O Rhb8 17. Qc5 c6 18. f3 Bh6 19. Rde1 Bf8 20. Rhf1 e6 21.
Qa5 b6 22. Qc3 Kg8 23. Qxc6 Re8 24. fxe4 Rec8 25. Qb7 Nxe4 26. Qf7+ Kh8 27.
Nxe4 Qxe4 28. Qf2 Be7 29. Qe2 Bg5 30. h4 Qxh4 31. Rh1 Qe4 32. Rh2 Rf8 33. Kb1
Rf3 34. Bc1 Raf8 35. Reh1 R8f7 36. Qb5 Be7 37. Qe8+ Bf8 38. Qd8 Qf5 39. Qb8 Rf1
{Time expired.} 0-1

[Event "2025 Mary Thomson Cup (Division D)"]
[Site "Woodvale, Perth WA AUS"]
[Date "2025.01.22"]
[Round "1"]
[White "Boswarva, Ernest"]
[Black "Brooke, John"]
[Result "1-0"]
[ECO "D00"]
[WhiteElo "1433"]
[BlackElo "1356"]
[PlyCount "65"]
[EventDate "2025.01.22"]
[EventType "tourn"]
[EventRounds "5"]
[EventCountry "AUS"]
[TimeControl "3600+30"]

1. d4 d5 2. e3 Nf6 3. Bd3 Nc6 4. f4 e6 5. Nf3 Bb4+ 6. c3 Bd6 7. Nbd2 Ng4 8. Qe2
Bd7 9. h3 Nf6 10. O-O Ne4 11. Nxe4 dxe4 12. Bxe4 f5 13. Bd3 h6 14. Ne5 Nxe5 15.
dxe5 Bc5 16. b4 Bb6 17. a4 a6 18. a5 Ba7 19. Ba3 Qh4 20. Kh2 O-O-O 21. b5 axb5
22. g3 g5 23. gxh4 gxh4 24. Be7 Rdg8 25. Bxh4 Rh7 26. Bf6 Bc6 27. Rg1 Re8 28.
Bxb5 Rf8 29. Bxc6 bxc6 30. Qa6+ Kd7 31. Rad1+ Ke8 32. Qc8+ Kf7 33. Qd7# 1-0

[Event "2025 Mary Thomson Cup (Division D)"]
[Site "Woodvale, Perth WA AUS"]
[Date "2025.01.22"]
[Round "1"]
[White "Walker, Colin"]
[Black "Gough, Sebastian"]
[Result "1-0"]
[ECO "A43"]
[WhiteElo "1424"]
[BlackElo "1360"]
[PlyCount "127"]
[EventDate "2025.01.22"]
[EventType "tourn"]
[EventRounds "5"]
[EventCountry "AUS"]
[TimeControl "3600+30"]

1. d4 c5 2. d5 e6 3. dxe6 fxe6 4. Nf3 Nf6 5. e3 d5 6. c3 Bd6 7. Nbd2 Nc6 8. Be2
O-O 9. c4 Re8 10. cxd5 exd5 11. O-O Qc7 12. g3 Bg4 13. Re1 d4 14. Nf1 Re4 15.
N3d2 Bxe2 16. Rxe2 Re5 17. Nc4 Rd5 18. Nxd6 Qxd6 19. exd4 Rxd4 20. Qb3+ c4 21.
Qc2 Nb4 22. Qf5 Rd5 23. Qf3 Re8 24. Bf4 Qd7 25. Ne3 Rd3 26. Rc1 c3 27. bxc3
Nxa2 28. Rxa2 Nd5 29. c4 Nxe3 30. Bxe3 Rf8 31. Qe2 a6 32. Rd2 Rxd2 33. Qxd2
Qxd2 34. Bxd2 Rc8 35. Be3 Rc6 36. c5 a5 37. Rb1 a4 38. Rxb7 Ra6 39. Rb1 a3 40.
Bd4 Ra8 41. c6 a2 42. Rc1 Rb8 43. c7 g6 44. f4 Kf7 45. Be5 Ke7 46. Ra1 Kd7 47.
Rxa2 Re8 48. Rd2+ Kc8 49. Rc2 Kd7 50. Kf2 h6 51. Kf3 g5 52. h3 Kc8 53. Rd2 gxf4
54. gxf4 Rg8 55. Rd8+ Rxd8 56. cxd8=Q+ Kxd8 57. Kg4 Ke8 58. Kh5 Kf7 59. Kxh6
Kg8 60. Kg6 Kf8 61. h4 Kg8 62. h5 Kf8 63. h6 Kg8 64. h7+ 1-0

[Event "2025 Mary Thomson Cup (Division E)"]
[Site "Woodvale, Perth WA AUS"]
[Date "2025.01.22"]
[Round "1"]
[White "Frankland, David"]
[Black "Powell, Darren"]
[Result "0-1"]
[ECO "A70"]
[WhiteElo "1222"]
[BlackElo "1250"]
[PlyCount "54"]
[EventDate "2025.01.22"]
[EventType "tourn"]
[EventRounds "5"]
[EventCountry "AUS"]
[TimeControl "3600+30"]

1. d4 Nf6 2. h3 d5 3. Nc3 e6 4. a3 Bd6 5. g3 h6 6. Bg2 c5 7. Be3 Qb6 8. b3 Nc6
9. Na4 Qa5+ 10. Bd2 Qb5 11. Nc3 Qb6 12. Na4 Qb5 13. Nc3 Qa6 14. Nf3 Nxd4 15.
Nxd4 cxd4 16. Nb1 Bd7 17. Bf1 Qc6 18. Bc1 Ne4 19. Qxd4 Bc5 20. Qxg7 Bxf2+ 21.
Kd1 O-O-O 22. Qxf7 Rdf8 23. Qe7 Nc3+ 24. Kd2 d4 25. Kd3 Qe4+ 26. Kc4 Bb5+ 27.
Kb4 Nd5+ 0-1

[Event "2025 Mary Thomson Cup (Division F)"]
[Site "Woodvale, Perth WA AUS"]
[Date "2025.01.22"]
[Round "1"]
[White "Overste, Brian"]
[Black "Rennie, Mike"]
[Result "0-1"]
[ECO "C41"]
[WhiteElo "1061"]
[BlackElo "886"]
[PlyCount "150"]
[EventDate "2025.01.22"]
[EventType "tourn"]
[EventRounds "5"]
[EventCountry "AUS"]
[TimeControl "3600+30"]

1. e4 e5 2. Nf3 d6 3. Bc4 Be6 4. Bxe6 fxe6 5. Ng1 Nf6 6. d3 Be7 7. Bg5 g6 8.
Bh6 Nc6 9. c3 Qd7 10. Nf3 O-O-O 11. Ng5 Bf8 12. Bxf8 Rdxf8 13. Qb3 Re8 14. Qa3
h6 15. Nf3 Nh5 16. g3 Qf7 17. Nbd2 g5 18. O-O-O b6 19. Qa6+ Kb8 20. h3 Qd7 21.
Nc4 Na5 22. Nxa5 bxa5 23. Qxa5 c5 24. Nd2 Rhf8 25. f3 Nxg3 26. Rh2 Qb7 27. Rg1
Nh5 28. h4 Nf4 29. Kc2 Ka8 30. Nc4 Qc6 31. hxg5 h5 32. Kd2 Rb8 33. g6 Rb5 34.
g7 Rg8 35. Qa3 Qd7 36. Qa6 Qb7 37. Qxb7+ Rxb7 38. Nxd6 Rxb2+ 39. Kd1 Rxh2 40.
Nf7 Rxa2 41. Rg5 Ra1+ 42. Kc2 Ra2+ 43. Kb3 Rd2 44. Nh6 Rg2 45. Rxg2 Rb8+ 46.
Kc2 Nxg2 47. g8=Q Rxg8 48. Nxg8 h4 49. Nh6 h3 50. Ng4 Ne3+ 51. Nxe3 h2 52. Kb3
h1=Q 53. Kc4 Qxf3 54. Nc2 Qf2 55. Kb3 a5 56. Na3 Qe3 57. Kc4 Qc1 58. Nb5 Kb8
59. Kxc5 Qe3+ 60. Kc4 Qb6 61. Na3 Qa6+ 62. Kb3 a4+ 63. Kc2 Qd6 64. Nc4 Qa6 65.
Nxe5 Qd6 66. Nc4 Qh2+ 67. Nd2 a3 68. d4 a2 69. Kd3 a1=Q 70. Nb3 Qd1+ 71. Kc4
Qc7+ 72. Kb4 Qb6+ 73. Ka3 Qa6+ 74. Kb2 Qde2+ 75. Kb1 Qad3+ 0-1

[Event "2025 Mary Thomson Cup (Division F)"]
[Site "Woodvale, Perth WA AUS"]
[Date "2025.01.22"]
[Round "1"]
[White "Young, Manfred"]
[Black "Dawoud, Ahmad"]
[Result "1/2-1/2"]
[ECO "D02"]
[WhiteElo "1118"]
[BlackElo "1144"]
[PlyCount "53"]
[EventDate "2025.01.22"]
[EventType "tourn"]
[EventRounds "5"]
[EventCountry "AUS"]
[TimeControl "3600+30"]

1. d4 d5 2. Nf3 Bf5 3. e3 a6 4. h3 Nc6 5. a3 e6 6. c4 Nf6 7. Nc3 Be7 8. Qa4 O-O
9. c5 Ne4 10. Nxe4 Bxe4 11. Qd1 Bf6 12. Bd3 Bg6 13. O-O Bxd3 14. Qxd3 h6 15.
Re1 e5 16. dxe5 Nxe5 17. Nxe5 Bxe5 18. Qb3 Rb8 19. f4 Bf6 20. Bd2 b6 21. Qd3
bxc5 22. Bc3 Bxc3 23. Qxc3 d4 24. Qxc5 dxe3 25. b4 Qd6 26. Qxd6 cxd6 27. Rxe3
1/2-1/2

[Event "2025 Mary Thomson Cup (Division A)"]
[Site "Woodvale, Perth WA AUS"]
[Date "2025.02.05"]
[Round "2"]
[White "O'Shaughnessy, Dave"]
[Black "Rahmani, Noor"]
[Result "0-1"]
[ECO "A46"]
[WhiteElo "1965"]
[BlackElo "2156"]
[PlyCount "82"]
[EventDate "2025.01.22"]
[EventType "swiss"]
[EventRounds "5"]
[EventCountry "AUS"]
[TimeControl "3600+30"]

1. d4 e6 2. Nf3 Nf6 3. Bg5 Be7 4. e3 b6 5. Bd3 Bb7 6. Qe2 a6 7. e4 d6 8. c4 Nh5
9. Be3 Nf6 10. h3 Nxe4 11. d5 Nc5 12. Bxc5 dxc5 13. dxe6 fxe6 14. Nc3 O-O 15.
Qxe6+ Kh8 16. Ne5 Bf6 17. Nf7+ Rxf7 18. Qxf7 Nc6 19. Qd5 Qe8+ 20. Qe4 Qg8 21.
O-O Re8 22. Qd5 Qf8 23. Qh5 Qg8 24. Rfe1 Rf8 25. Nd5 Bd4 26. Re2 g6 27. Qh6 Ne5
28. Qd2 Qf7 29. Rf1 Bxd5 30. cxd5 Qxd5 31. Bb1 c4 32. Qh6 Kg8 33. Be4 Qd6 34.
Kh1 c5 35. f4 Nf7 36. Qh4 Bf6 37. Qf2 Qd4 38. Qf3 Qd6 39. Bd5 b5 40. Re6 Qd8
41. Qa3 Qxd5 0-1

[Event "2025 Mary Thomson Cup (Division A)"]
[Site "Woodvale, Perth WA AUS"]
[Date "2025.02.05"]
[Round "2"]
[White "Curtis, Calan"]
[Black "Saxon, Marc"]
[Result "0-1"]
[ECO "D78"]
[WhiteElo "1632"]
[BlackElo "2057"]
[PlyCount "46"]
[EventDate "2025.01.22"]
[EventType "swiss"]
[EventRounds "5"]
[EventCountry "AUS"]
[TimeControl "3600+30"]

1. d4 Nf6 2. Nf3 g6 3. c4 Bg7 4. g3 O-O 5. Bg2 c6 6. O-O d5 7. Nc3 h6 8. b3 Be6
9. Re1 dxc4 10. bxc4 Bxc4 11. e4 Nbd7 12. Rb1 Qc8 13. Bh3 e6 14. Nd2 Bd3 15.
Ba3 Bxb1 16. Bxf8 Bxf8 17. Qxb1 Qc7 18. f4 Qb6 19. Qd3 Rd8 20. Nb3 Nc5 21. Nxc5
Qxc5 22. Ne2 Qa5 23. Rb1 b6 0-1

[Event "2025 Mary Thomson Cup (Division A)"]
[Site "Woodvale, Perth WA AUS"]
[Date "2025.02.05"]
[Round "2"]
[White "Maggs, Derwent"]
[Black "Fokaite, Gabriele"]
[Result "0-1"]
[ECO "A40"]
[WhiteElo "2299"]
[BlackElo "1990"]
[PlyCount "110"]
[EventDate "2025.01.22"]
[EventType "swiss"]
[EventRounds "5"]
[EventCountry "AUS"]
[TimeControl "3600+30"]

1. e4 b6 2. d4 Bb7 3. Bd3 e6 4. c4 d6 5. Nc3 Be7 6. Nge2 Nd7 7. O-O Ngf6 8. f4
e5 9. Kh1 O-O 10. d5 Re8 11. f5 c6 12. Ng3 Nc5 13. Be2 a5 14. Be3 cxd5 15. cxd5
Rc8 16. Bb5 Rf8 17. Qe2 Qc7 18. Rad1 Rfd8 19. Nh5 Nxh5 20. Qxh5 Ba6 21. Rf3 g6
22. Qh6 Bf8 23. Qh4 Bxb5 24. Nxb5 Qd7 25. Rh3 h5 26. Nc3 Be7 27. Bg5 Bxg5 28.
Qxg5 Nxe4 29. Nxe4 Qxf5 30. Qxf5 gxf5 31. Nf6+ Kg7 32. Nxh5+ Kg6 33. Ng3 Rc2
34. Rb1 Rd2 35. Nf1 Rxd5 36. Rc3 Rg8 37. Ne3 Rd2 38. Nc4 Rd4 39. Nxb6 Kf6 40.
Rc2 f4 41. a3 e4 42. b4 axb4 43. axb4 Ke6 44. Nc8 e3 45. b5 Rg5 46. h3 Rgd5 47.
b6 Rd1+ 48. Rxd1 Rxd1+ 49. Kh2 Rb1 50. Re2 Kd7 51. Rc2 d5 52. h4 d4 53. h5 d3
54. Rc7+ Ke6 55. Re7+ Kf6 0-1